 Dungeon Crawl Stone Soup version 0.31-a0-1338-gb567cfdca4 (webtiles) character file.

Game seed: 15825071527479486813

16541 jlumianski the Grappler (level 12, -5/92 HPs)
             Began as a Gnoll Shapeshifter on Dec 22, 2023.
             Was a High Priest of Wu Jian.
             Slain by a blink frog (12 damage)
             ... on level 1 of the Lair of Beasts on Dec 23, 2023.
             The game lasted 01:40:09 (10885 turns).

jlumianski the Grappler (Gnoll Shapeshifter)       Turns: 10885, Time: 01:40:12

Health: -5/92      AC: 11    Str: 24    XL:     12   Next: 38%
Magic:  21/23      EV: 20    Int: 11    God:    Wu Jian [*****.]
Gold:   20         SH:  0    Dex: 14    Spells: 15/26 levels left

rFire   . .          .
                       - Unarmed
rCold   . . .        (shield currently unavailable)
rNeg    . . .        (body armour currently unavailable)
rPois   .            x - +1 helmet
rElec   .            F - +1 cloak
rCorr   .            A - +0 pair of gloves
SInv    .            K - +0 pair of boots
Will    .....        m - amulet of regeneration
Stlth   ++           Y - ring of the Rabble {Str+6 Stlth+}
HPRegen 1.15/turn    f - ring of the Blind Eye {AC+4 Dex+3}
MPRegen 0.18/turn

%: no passive effects
@: flux-form, on blink cooldown, glowing
A: glow, contaminating, fangs 1, strong nose, distributed training, hooves 1
a: Begin Untransformation, Renounce Religion, Wall Jump, Serpent's Lash,
Heavenly Storm


You were on level 1 of the Lair of Beasts.
You worshipped Wu Jian.
Wu Jian was extremely pleased with you.
You were something dangerously unstable.
You visited 3 branches of the dungeon, and saw 14 of its levels.
You also visited: Sewer and Bailey.

You collected 405 gold pieces.
You spent 385 gold pieces at shops.

Inventory:

Armour
 x - a +1 helmet (worn)
 A - a +0 pair of gloves (worn)
 F - a +1 cloak (worn)
 K - a +0 pair of boots (worn)
Jewellery
 b - a ring of willpower
 f - the ring of the Blind Eye (right hand) {AC+4 Dex+3}
   (You acquired it on level 9 of the Dungeon)

   [ring of protection]

   AC+4:      It affects your AC (+4).
   Dex+3:     It affects your dexterity (+3).
 m - an amulet of regeneration (around neck)
 r - a +5 ring of evasion
 E - a ring of willpower
 G - a ring of poison resistance
 L - a ring of protection from cold
 W - the ring of the Vendetta {+Blink rF+ rC+ Dex-5}
   (You found it on level 7 of the Dungeon)

   [ring of protection from cold]

   Dex-5:     It affects your dexterity (-5).
   rF+:       It protects you from fire.
   rC+:       It protects you from cold.
   +Blink:    It lets you blink.
 X - the ring of the Doge {rN+ Will+}
   (You found it on level 7 of the Dungeon)

   [ring of positive energy]

   rN+:       It protects you from negative energy.
   Will+:     It increases your willpower.
 Y - the ring of the Rabble (left hand) {Str+6 Stlth+}
   (You found it on level 7 of the Dungeon)

   [ring of strength]

   Str+6:     It affects your strength (+6).
   Stlth+:    It makes you more stealthy.
Talismans
 d - a flux talisman (active)
Wands
 a - a wand of flame (19)
 H - a wand of digging (4)
 I - a wand of paralysis (11)
Scrolls
 i - a scroll of revelation
 D - 3 scrolls of identify
 J - a scroll of butterflies
Potions
 e - 8 potions of curing
 h - a potion of resistance
 j - a potion of might
 n - 2 potions of haste
 o - 2 potions of ambrosia
 u - a potion of invisibility
 C - 2 potions of lignification
 O - 2 potions of enlightenment
 P - a potion of magic
 R - a potion of cancellation


   Skills:
 + Level 8.0 Fighting
 + Level 7.5 Short Blades
 + Level 7.5 Long Blades
 + Level 7.5 Axes
 + Level 7.5 Maces & Flails
 + Level 7.5 Polearms
 + Level 7.5 Staves
 + Level 7.5 Ranged Weapons
 + Level 7.5 Throwing
 + Level 7.5 Armour
 + Level 8.9 Dodging
 + Level 7.5 Stealth
 + Level 7.5 Shields
 + Level 10.0 Unarmed Combat
 + Level 7.5 Spellcasting
 + Level 6.2 Conjurations
 + Level 6.2 Hexes
 + Level 6.2 Summonings
 + Level 6.2 Necromancy
 + Level 6.2 Translocations
 + Level 6.2 Fire Magic
 + Level 6.2 Ice Magic
 + Level 6.2 Air Magic
 + Level 6.2 Earth Magic
 + Level 6.2 Alchemy
 + Level 8.2 Invocations
 + Level 7.5 Evocations
 + Level 9.5 Shapeshifting


You had 15 spell levels left.
You knew the following spells:

 Your Spells              Type           Power      Damage    Failure   Level
a - Blink                 Tloc           34%        N/A       1%          2
b - Call Imp              Summ           34%        N/A       1%          2
c - Volatile Blastmotes   Fire/Tloc      34%        2d12      3%          3
d - Passwall              Alch/Erth      14%        N/A       1%          2
e - Lesser Beckoning      Tloc           34%        N/A       1%          2

Your spell library contained the following spells:

 Spells                   Type           Power      Damage    Failure   Level
 Magic Dart               Conj           68%        1d6       1%          1
 Necrotise                Necr           68%        1d7       1%          1
 Momentum Strike          Conj/Tloc      34%        3d8       1%          2
 Vampiric Draining        Necr           17%        2d7       3%          3
 Fulminant Prism          Conj/Alch      8%         3d7       13%         4
 Iskenderun's Mystic Bla  Conj/Tloc      17%        2d5       13%         4
 Leda's Liquefaction      Alch/Erth      8%         N/A       13%         4
 Agony                    Necr           17%        N/A       34%         5
 Lee's Rapid Deconstruct  Erth           8%         3d7*      34%         5
 Bombard                  Conj/Erth      8%         9d2       89%         6
 Polar Vortex             Ice            8%         12d1*     100%        9
 Shatter                  Erth           8%         3d10*     100%        9


Dungeon Overview and Level Annotations

Branches:
Dungeon (12/15)            Temple (1/1) D:4            Lair (1/5) D:9
  Sewer (visited)          Bailey (visited)
    Orc: D:9-12

Altars:
Ashenzari
Cheibriados
Dithmenos
Elyvilon
Fedhas
Gozag
Hepliaklqana
Kikubaaqudgha
Makhleb
Nemelex Xobeh
Okawaru
Qazlal
Ru
Sif Muna
Trog
Uskayaw
Vehumet
Wu Jian
Xom
Yredelemnul
Zin
The Shining One

Shops:
D:1 !   D:8 !

Annotations:
D:2 Natasha
D:5 1 runed translucent door
D:11 Psyche, Sonja
D:12 Maurice
Lair:1 1 runed translucent door, soul19's ghost, journeyman GnIE


Innate Abilities, Weirdness & Mutations

You are something dangerously unstable.
You glow with magical radiation, making you easy to see and hit.
Foes you strike become dangerously contaminated with magical radiation.
You are incapable of wielding weapons or throwing items.
You have very sharp teeth.
Your uncanny sense of smell can sniff out nearby items.
Your experience applies equally to all skills.
You have large cloven feet.


Message History

The blink frog glows dangerously bright.
The blink frog is moderately wounded.
The blink frog blinks!
The blink frog barely misses you. The death yak barely misses you.
The blink frog hits you.
The blink frog blinks!
The death yak closely misses you.
The death yak gores you but does no damage.
You spin and attack the death yak.
You hit the death yak.
The death yak begins to glow.
The death yak is lightly wounded.
The blink frog blinks!
The death yak gores you! The blink frog hits you!
You spin and attack the blink frog.
You punch the blink frog!
The blink frog glows dangerously bright.
The blink frog is heavily wounded.
The blink frog misses you.
The blink frog blinks!
Unknown command.
The blink frog attacks as it pursues you!
The blink frog hits you!
* * * LOW HITPOINT WARNING * * *
The death yak attacks as it pursues you!
The death yak gores you.
* * * LOW HITPOINT WARNING * * *
Casting: Blink (safe; 1% risk of failure)
Confirm with . or Enter, or press ? or * to list all spells.
You blink.
The blink frog hits you but does no damage.
The blink frog blinks!
The blink frog closely misses you. The death yak closely misses you.
You spin and attack the blink frog.
You hit the blink frog.
The blink frog begins to glow.
You bite the blink frog, but do no damage.
The blink frog is lightly wounded.
The blink frog blinks!
The blink frog closely misses you.
The blink frog blinks!
Found a potion of enlightenment.
The blink frog hits you but does no damage.
The death yak attacks as it pursues you!
The death yak gores you!!
* * * LOW HITPOINT WARNING * * *
The blink frog hits you!
You die...

......##.........
......##...........# ..
......##...........##.
.....................
......†.............
...........####....
...........# #...#
.....#####.####..#
.....#P8P#..##.Fp###...
.....#.[W#....YY.F......
.....##+##..§Y..........
............FY.#........
.............Y.##.......
...........F...# #.....!
...............# ......
.......#...###.# ......
#.....)#...# ### ....


You could see 5 death yaks and 4 blink frogs.

Vanquished Creatures
  An orc knight (Bailey)
  3 ugly things
  An orc sorcerer (Bailey)
  A cyclops (D:7)
  5 cane toads
  Maggie (D:6)
  2 unseen horrors
  A kobold demonologist (Bailey)
  A spriggan (D:7)
  Sigmund (D:2)
  A wraith (D:7)
  2 shadows (D:7)
  An unseen horror simulacrum (D:9)
  17 yaks
  Eustachio (D:6)
  4 wyverns
  A vampire (D:7)
  The ghost of jlumianski the Insei, an amateur GnSh (D:5)
  5 steam dragons
  Edmund (D:4)
  2 acid dragons (D:9)
  3 water moccasins
  12 orc warriors
  3 ice beasts
  An ogre (D:4)
  A crocodile (Sewer)
  2 sky beasts
  5 centaurs
  2 phantoms
  3 kobold brigands
  2 gnoll sergeants
  4 scorpions
  9 bullfrogs
  4 wights (D:7)
  11 killer bees
  3 howler monkeys
  5 electric eels
  5 hounds
  4 jellies
  2 gnoll boudas
  7 orc priests
  A sleepcap (D:5)
  7 iguanas
  Natasha (twice) (D:2)
  9 orc wizards
  A centaur simulacrum (D:9)
  A killer bee simulacrum (D:9)
  32 gnolls
  5 adders
  A river rat (D:5)
  A bombardier beetle (D:4)
  5 white imps
  A howler monkey simulacrum (D:9)
  3 ufetubi (D:9)
  2 worm zombies (D:6)
  2 worms
  2 dart slugs
  41 orcs
  10 endoplasms
  4 giant cockroaches
  24 goblins
  15 hobgoblins
  5 jackals (Sewer)
  7 quokkas
  7 ball pythons
  5 bats
  6 frilled lizards
  2 hobgoblin zombies (D:6)
  8 kobolds
  8 rats
  A rat zombie (D:6)
359 creatures vanquished.

Vanquished Creatures (collateral kills)
  A gnoll (Bailey)
  An adder (D:6)
  A white imp (D:9)
  An orc (D:6)
4 creatures vanquished.

Vanquished Creatures (others)
  A gnoll (D:8)
  A hobgoblin (Bailey)
2 creatures vanquished.

Grand Total: 365 creatures vanquished

Notes
Turn   | Place    | Note
-------+----------+-------------------------------------------
     0 | D:1      | jlumianski the Gnoll Shapeshifter began the quest for the
                  | Orb.
     0 | D:1      | Reached XP level 1. HP: 17/17 MP: 1/1
   143 | D:1      | Reached XP level 2. HP: 23/23 MP: 2/2
   304 | D:1      | Reached XP level 3. HP: 21/28 MP: 2/4
   425 | D:2      | Reached skill level 1 in Invocations
   549 | D:1      | Found Etesaly's Distillery.
   619 | D:1      | Reached skill level 1 in Short Blades
   619 | D:1      | Reached skill level 1 in Long Blades
   619 | D:1      | Reached skill level 1 in Axes
   619 | D:1      | Reached skill level 1 in Maces & Flails
   619 | D:1      | Reached skill level 1 in Polearms
   619 | D:1      | Reached skill level 1 in Staves
   619 | D:1      | Reached skill level 1 in Ranged Weapons
   619 | D:1      | Reached skill level 1 in Throwing
   619 | D:1      | Reached skill level 1 in Armour
   619 | D:1      | Reached skill level 1 in Stealth
   619 | D:1      | Reached skill level 1 in Shields
   619 | D:1      | Reached skill level 1 in Spellcasting
   619 | D:1      | Reached skill level 1 in Evocations
   803 | D:2      | Reached XP level 4. HP: 34/34 MP: 5/5
  1068 | D:2      | Noticed Sigmund
  1075 | D:2      | Killed Sigmund
  1076 | D:2      | Reached skill level 1 in Conjurations
  1076 | D:2      | Reached skill level 1 in Hexes
  1076 | D:2      | Reached skill level 1 in Summonings
  1076 | D:2      | Reached skill level 1 in Necromancy
  1076 | D:2      | Reached skill level 1 in Translocations
  1076 | D:2      | Reached skill level 1 in Fire Magic
  1076 | D:2      | Reached skill level 1 in Ice Magic
  1076 | D:2      | Reached skill level 1 in Air Magic
  1076 | D:2      | Reached skill level 1 in Earth Magic
  1076 | D:2      | Reached skill level 1 in Alchemy
  1076 | D:2      | Reached XP level 5. HP: 18/41 MP: 5/7
  1076 | D:2      | Reached XP level 6. HP: 21/47 MP: 5/8
  1264 | D:2      | Noticed Natasha
  1268 | D:2      | Killed Natasha
  1269 | D:2      | Reached skill level 5 in Dodging
  1330 | D:2      | Noticed Natasha
  1400 | D:2      | Killed Natasha
  1555 | D:2      | Noticed Natasha
  1728 | D:4      | Found a staircase to the Ecumenical Temple.
  1739 | Temple   | Entered the Ecumenical Temple
  1832 | Temple   | Became a worshipper of the Wu Jian Council
  1862 | D:4      | Found a glowing drain.
  1884 | Sewer    | Entered a sewer
  1973 | Sewer    | Reached skill level 7 in Unarmed Combat
  1973 | Sewer    | Reached XP level 7. HP: 52/52 MP: 10/10
  1998 | Sewer    | Gained mutation: You have large cloven feet. [potion of
                  | mutation]
  2050 | D:4      | Found a sacrificial altar of Ru.
  2334 | D:4      | Reached * piety under Wu Jian
  2340 | D:5      | Entered Level 5 of the Dungeon
  2566 | D:5      | Found a sparkling altar of Nemelex Xobeh.
  2694 | D:4      | Found a glowing golden altar of the Shining One.
  2764 | D:4      | Noticed Edmund
  2776 | D:4      | Killed Edmund
  2777 | D:4      | Reached XP level 8. HP: 24/60 MP: 12/12
  3345 | D:5      | Found a snail-covered altar of Cheibriados.
  3430 | D:5      | Found an ornate altar of the Wu Jian Council.
  3431 | D:5      | Noticed a yak
  3529 | D:4      | Killed a yak
  3575 | D:4      | Learned a level 2 spell: Blink
  3578 | D:4      | Learned a level 2 spell: Call Imp
  3584 | D:4      | Reached ** piety under Wu Jian
  3628 | D:5      | Reached XP level 9. HP: 66/66 MP: 14/14
  3681 | D:5      | Found a runed translucent door.
  3698 | D:5      | Noticed jlumianski's ghost (amateur GnSh)
  3856 | D:6      | Reached skill level 5 in Fighting
  4006 | D:6      | Noticed Eustachio
  4018 | D:6      | Killed Eustachio
  4019 | D:6      | Reached skill level 8 in Unarmed Combat
  4104 | D:5      | Reached skill level 5 in Invocations
  4335 | D:5      | Found a runed translucent door.
  4342 | D:5      | Reached *** piety under Wu Jian
  4363 | D:5      | Killed jlumianski's ghost
  4659 | D:6      | Learned a level 3 spell: Volatile Blastmotes
  4832 | D:6      | Noticed Maggie
  4893 | D:6      | Reached skill level 5 in Short Blades
  4893 | D:6      | Reached skill level 5 in Long Blades
  4893 | D:6      | Reached skill level 5 in Axes
  4893 | D:6      | Reached skill level 5 in Maces & Flails
  4893 | D:6      | Reached skill level 5 in Polearms
  4893 | D:6      | Reached skill level 5 in Staves
  4893 | D:6      | Reached skill level 5 in Ranged Weapons
  4893 | D:6      | Reached skill level 5 in Throwing
  4893 | D:6      | Reached skill level 5 in Armour
  4893 | D:6      | Reached skill level 5 in Stealth
  4893 | D:6      | Reached skill level 5 in Shields
  4893 | D:6      | Reached skill level 5 in Spellcasting
  4893 | D:6      | Reached skill level 5 in Evocations
  4893 | D:6      | Reached XP level 10. HP: 40/76 MP: 6/17
  4903 | D:6      | Killed Maggie
  5037 | D:6      | Noticed an unseen horror
  5043 | D:6      | Killed an unseen horror
  5298 | D:7      | Found a hazy altar of Hepliaklqana.
  5411 | D:8      | Found Ujuymu's Distillery.
  5429 | D:8      | Bought a potion of curing for 39 gold pieces
  5429 | D:8      | Bought a potion of heal wounds for 65 gold pieces
  5429 | D:8      | Bought a potion of curing for 39 gold pieces
  5589 | D:1      | Bought a potion of heal wounds for 55 gold pieces
  5589 | D:1      | Bought a potion of curing for 33 gold pieces
  5589 | D:1      | Bought a potion of curing for 33 gold pieces
  5589 | D:1      | Bought a potion of curing for 33 gold pieces
  5589 | D:1      | Bought a potion of curing for 33 gold pieces
  5589 | D:1      | Bought a potion of heal wounds for 55 gold pieces
  5904 | D:7      | Noticed a cyclops
  5905 | D:7      | Noticed a red ugly thing
  5936 | D:7      | Noticed a brown ugly thing
  6398 | D:7      | Reached **** piety under Wu Jian
  6419 | D:7      | Found a basalt altar of Yredelemnul.
  6622 | D:7      | Reached skill level 9 in Unarmed Combat
  6747 | D:7      | Killed a red ugly thing
  6748 | D:7      | Reached skill level 5 in Conjurations
  6748 | D:7      | Reached skill level 5 in Hexes
  6748 | D:7      | Reached skill level 5 in Summonings
  6748 | D:7      | Reached skill level 5 in Necromancy
  6748 | D:7      | Reached skill level 5 in Translocations
  6748 | D:7      | Reached skill level 5 in Fire Magic
  6748 | D:7      | Reached skill level 5 in Ice Magic
  6748 | D:7      | Reached skill level 5 in Air Magic
  6748 | D:7      | Reached skill level 5 in Earth Magic
  6748 | D:7      | Reached skill level 5 in Alchemy
  6748 | D:7      | Reached XP level 11. HP: 83/83 MP: 20/20
  6754 | D:7      | Killed a cyan ugly thing
  6861 | D:7      | Killed a cyclops
  6889 | D:7      | Identified the ring of Vatucewk {MP+9 Dex+2}
  6892 | D:7      | Identified the ring of the Vendetta {+Blink rF+ rC+ Dex-5}
  6899 | D:7      | Identified the ring of the Doge {rN+ Will+}
  6902 | D:7      | Identified the ring of the Rabble {Str+6 Stlth+}
  7043 | D:8      | Identified the +7 quarterstaff of Impatience {antimagic,
                  | Dex+4}
  7319 | D:8      | Found a burning altar of Makhleb.
  7782 | D:9      | Found a staircase to the Lair.
  8058 | D:10     | Entered Level 10 of the Dungeon
  8059 | D:10     | Noticed a green ugly thing
  8070 | D:10     | Killed a red ugly thing
  8170 | D:10     | Found a blossoming altar of Fedhas.
  8218 | D:10     | Found a flagged portal.
  8235 | Bailey   | Entered a bailey
  8323 | Bailey   | Reached ***** piety under Wu Jian
  8672 | Bailey   | Found the +8 longbow "Zephyr" {speed, Dex+3 SInv}
  8675 | Bailey   | Noticed an orc knight
  8687 | Bailey   | Killed an orc knight
  8877 | Bailey   | Found an iron altar of Okawaru.
  8879 | Bailey   | Noticed an orc sorcerer
  8888 | Bailey   | Noticed a sixfirhy
  8900 | Bailey   | Killed an orc sorcerer
  8968 | Bailey   | Got the Encyclopedia of Algor and the Mountains
  8972 | Bailey   | Learned a level 2 spell: Passwall
  9097 | Lair:1   | Entered Level 1 of the Lair of Beasts
  9167 | D:9      | Acquired the ring of the Blind Eye {AC+4 Dex+3}
  9185 | D:9      | Learned a level 2 spell: Lesser Beckoning
  9292 | D:9      | Reached XP level 12. HP: 91/91 MP: 22/22
  9299 | D:9      | Found a shadowy altar of Dithmenos.
  9638 | D:9      | Found an iron altar of Okawaru.
 10078 | D:10     | Found a glowing silver altar of Zin.
 10289 | D:12     | Noticed Maurice
 10320 | D:12     | Something stole the ring of Vatucewk {MP+9 Dex+2}
 10322 | D:12     | Something stole the +8 longbow "Zephyr" {speed, Dex+3 SInv}
 10325 | D:12     | Something stole a beast talisman
 10329 | D:12     | Something stole 311 gold
 10339 | D:12     | HP: 4/92 [something (6)]
 10339 | D:12     | HP: 1/92 [something (3)]
 10412 | D:11     | Noticed Psyche
 10424 | D:11     | Noticed Sonja
 10427 | D:11     | Paralysed by Sonja for 3 turns
 10723 | D:9      | Reached skill level 10 in Unarmed Combat
 10848 | Lair:1   | Found a runed translucent door.
 10848 | Lair:1   | Noticed soul19's ghost (journeyman GnIE)
 10863 | Lair:1   | Noticed a death yak
 10866 | Lair:1   | Noticed a death yak
 10866 | Lair:1   | Noticed a death yak
 10876 | Lair:1   | Noticed a death yak
 10876 | Lair:1   | Noticed a death yak
 10885 | Lair:1   | Slain by a blink frog

Illustrated notes

Levels and vault maps discovered:
D:1:      minmay_arrival_diagonal_passages, layout_basic, serial_shops, shop
D:2:      layout_loops_ring, uniq_sigmund, uniq_natasha
D:3:      layout_basic
D:4:      layout_basic, amcnicky_altar_gilded, nicolae_tso_carved_into_rock,
          temple_fountains, portal_sewer_entry_f, uniq_edmund
D:5:      layout_rooms, nemelex_altar_shiori, ebering_ghost_sewer_f,
          hangedman_feature_mirror
D:6:      kennysheep_big_flooded_room, layout_loops_ring, enter_ossuary_3,
          due_unseen_surprise, uniq_eustachio, uniq_maggie
D:7:      minmay_the_grid_triangle_9x9_rhombus_thin
          [minmay_the_grid_triangle_9x9_shrine,
          minmay_the_grid_triangle_9x9_prize_special,
          minmay_the_grid_triangle_9x9_flanged_cone,
          minmay_the_grid_triangle_9x9_corrupted_corridor], layout_gridville,
          yredelemnul_altar_generic, nicolae_hepliaklqana_hazy_memory,
          minmay_misc_feat_enclosed, minmay_crystal_room, the_hattery
D:8:      layout_basic, bloody_makhleb, serial_shops, shop,
          minmay_fractal_squares_gapless_5
D:9:      layout_loops_ring, overflow_temple_1_default,
          nicolae_dithmenos_shadow_blocks, lair_entry_dummy, serial_ice,
          serial_ice_f, serial_ice_i, serial_ice_h, serial_ice_d,
          item_on_display_a
D:10:     layout_loops_ring, zin_academy, fedhas_altar_2, enter_bailey_3
D:11:     layout_basic, hiddenorc1_lemuel, uniq_sonja, uniq_psyche,
          uniq_josephine, uniq_harold
D:12:     layout_basic, uniq_frances, uniq_maurice, uniq_kirke
Temple:   nicolae_temple_slightly_damp_pantheon
Lair:1:   layout_cave_shapes, gammafunk_ghost_grave, st_stairs_5

Skill      XL: |  1  2  3  4  5  6  7  8  9 10 11 12 |
---------------+-------------------------------------+-----
Invocations    | 1 2 3 4 5 6 7 8 |  8.2
Short Blades   | 1 2 3 5 6 7 |  7.5
Long Blades    | 1 2 3 5 6 7 |  7.5
Axes           | 1 2 3 5 6 7 |  7.5
Maces & Flails | 1 2 3 5 6 7 |  7.5
Polearms       | 1 2 3 5 6 7 |  7.5
Staves         | 1 2 3 5 6 7 |  7.5
Ranged Weapons | 1 2 3 5 6 7 |  7.5
Throwing       | 1 2 3 5 6 7 |  7.5
Armour         | 1 2 3 5 6 7 |  7.5
Stealth        | 1 2 3 5 6 7 |  7.5
Shields        | 1 2 3 5 6 7 |  7.5
Spellcasting   | 1 2 3 5 6 7 |  7.5
Evocations     | 1 2 3 5 6 7 |  7.5
Fighting       | 3 4 5 6 7 8 |  8.0
Conjurations   | 1 2 3 4 5 6 |  6.2
Hexes          | 1 2 3 4 5 6 |  6.2
Summonings     | 1 2 3 4 5 6 |  6.2
Necromancy     | 1 2 3 4 5 6 |  6.2
Translocations | 1 2 3 4 5 6 |  6.2
Fire Magic     | 1 2 3 4 5 6 |  6.2
Ice Magic      | 1 2 3 4 5 6 |  6.2
Air Magic      | 1 2 3 4 5 6 |  6.2
Earth Magic    | 1 2 3 4 5 6 |  6.2
Alchemy        | 1 2 3 4 5 6 |  6.2
Dodging        | 5 6 7 8 |  8.9
Unarmed Combat | 7 8 9 10 | 10.0
Shapeshifting  | 7 8 9 |  9.5

Action                     |  1- 3 |  4- 6 |  7- 9 | 10-12 || total
---------------------------+-------+-------+-------+-------++-------
  Melee: Unarmed           |    61 |   105 |   381 |   664 ||  1211
         Bite              |     2 |     7 |    53 |   108 ||   170
         Punch             |     1 |     4 |     2 |     5 ||    12
         Kick              |       |       |    25 |    19 ||    44
         Broad axe         |       |       |       |    67 ||    67
         Longbow           |       |       |       |     7 ||     7
   Fire: Longbow           |       |       |       |    54 ||    54
  Throw: Boomerang         |       |     3 |     5 |       ||     8
   Cast: Call Imp          |       |       |     5 |    19 ||    24
         Volatile Blastmot |       |       |     4 |     2 ||     6
         Blink             |       |       |       |     4 ||     4
Ability: Lunge             |       |     4 |    38 |    44 ||    86
         Whirlwind         |       |       |    32 |    79 ||   111
         Wall Jump         |       |       |    22 |   100 ||   122
  Evoke: Wand              |       |       |       |     1 ||     1
    Use: Scroll            |       |     6 |    10 |    10 ||    26
         Potion            |       |     2 |     4 |     9 ||    15
   Stab: Sleeping          |     2 |     4 |     1 |     4 ||    11
         Distracted        |       |       |     1 |     2 ||     3
         Paralysed         |       |       |       |     6 ||     6
 Armour: Animal skin       |    21 |    23 |       |       ||    44
         Skin              |       |    63 |   124 |   281 ||   468
         Ring mail         |       |     7 |    40 |       ||    47
         Steam dragon scal |       |       |       |   122 ||   122
  Dodge: Dodged            |    34 |    57 |   306 |   610 ||  1007
   Form: Flux              |       |       |     1 |     1 ||     2
                           |       |       |       |     1 ||     1
         Beast             |       |       |       |     1 ||     1

Table legend: (Time is in decaauts)
 A = Elapsed time spent in this place.
 B = Non-inter-level travel time spent in this place.
 C = Inter-level travel time spent in this place.
 D = Time resting spent in this place.
 E = Time spent auto-exploring this place.
 F = Levels seen in this place.
 G = Mean time per level.
                   A        B        C        D        E       F      G
               +--------+--------+--------+--------+--------+-----+--------+
         Total |  10977 |  10355 |    622 |    919 |   3514 |  16 |  686.1 |
       Dungeon |   9775 |   9154 |    621 |    723 |   3484 |  12 |  814.6 |
        Temple |    112 |    112 |      0 |      0 |      0 |   1 |  112.0 |
          Lair |    111 |    111 |      0 |      0 |     12 |   1 |  111.0 |
         Sewer |    162 |    162 |      0 |      0 |     17 |   1 |  162.0 |
        Bailey |    816 |    816 |      0 |    196 |      0 |   1 |  816.0 |
               +--------+--------+--------+--------+--------+-----+--------+

Top non-repeatable levels by time:
     D:9: 1382 daAuts
     D:7: 1354 daAuts
     D:4: 1149 daAuts
     D:6: 1073 daAuts
     D:5: 1041 daAuts
     D:8: 881 daAuts
  Bailey: 816 daAuts
     D:1: 816 daAuts
    D:10: 717 daAuts
     D:2: 610 daAuts
     D:3: 556 daAuts
   Sewer: 162 daAuts
    D:11: 129 daAuts
  Temple: 112 daAuts
  Lair:1: 111 daAuts
